 Dungeon Crawl Stone Soup version 0.23.1 (webtiles) character file.

Game seed: 0

445 myga the Magician (level 6, -5/44 HPs)
             Began as a Mummy Enchanter on Mar 8, 2019.
             Shot with an arrow by a centaur (12 damage)
             ... on level 5 of the Dungeon on Mar 17, 2019.
             The game lasted 00:42:30 (5080 turns).

myga the Magician (Mummy Enchanter)                 Turns: 5080, Time: 00:42:31

Health: -5/44      AC:  4    Str: 14    XL:     6   Next: 72%
Magic:  7/13       EV: 13    Int: 14    God:
Gold:   188        SH:  0    Dex: 18    Spells: 1/15 levels left

rFire    x . .     SeeInvis +   h - +2 dagger (speed)
rCold    + . .     Gourm    .   (no shield)
rNeg     + + +     Faith    .   b - +0 robe
rPois    ∞         Spirit   .   r - +0 helmet
rElec    .         Reflect  .   (no cloak)
rCorr    .         Harm     .   d - +0 pair of gloves
MR       .....                  (no boots)
Stlth    +++.......             (no amulet)
HPRegen  0.14/turn              l - +6 ring of dexterity
MPRegen  0.13/turn              m - ring of see invisible

@: no status effects
A: no food or potions, fire vulnerability, cold resistance 1, negative energy
resistance 3, torment resistance, unbreathing
a: no special abilities


You were on level 5 of the Dungeon.
You were not hungry.

You visited 1 branch of the dungeon, and saw 5 of its levels.

You collected 188 gold pieces.

Inventory:

Hand Weapons
 a - a +1 dagger
 g - a +0 dagger
 h - a +2 dagger of speed (weapon)
 s - a +0 short sword
 t - a +0 dagger
 w - a +0 giant spiked club
 y - a +0 hunting sling
 z - a +0 mace of distortion
 B - a cursed -3 short sword
Missiles
 k - 23 stones (quivered)
 p - 8 javelins
 x - a throwing net
 E - 2 tomahawks
Armour
 b - a +0 robe (worn)
 d - a +0 pair of gloves (worn)
 r - a +0 helmet (worn)
 u - a +0 leather armour
 v - a +0 robe
 A - a +0 leather armour
Jewellery
 l - a +6 ring of dexterity (left hand)
 m - a ring of see invisible (right hand)
 o - an uncursed ring of protection from fire
Wands
 n - a wand of enslavement (5)
Scrolls
 c - 2 scrolls of remove curse
 f - 2 scrolls of enchant weapon {unknown}
 i - a scroll of identify
 j - a scroll of magic mapping
 q - a scroll of amnesia {unknown}
 C - a scroll of blinking {unknown}
 D - a scroll of noise {unknown}


   Skills:
 + Level 2.2 Fighting
 + Level 2.4 Short Blades
 + Level 0.3 Throwing
 + Level 2.5 Dodging
 + Level 3.2 Stealth
 + Level 5.0 Spellcasting
 + Level 0.3 Conjurations
 + Level 3.5 Hexes


You had one spell level left.
You knew the following spells:

 Your Spells              Type           Power        Failure   Level  Hunger
a - Corona                Hex            ##.....      4%          1    N/A
b - Ensorcelled Hibernat  Hex/Ice        #.....       13%         2    N/A
c - Slow                  Hex            ##......     6%          2    N/A
d - Confuse               Hex            ##......     12%         3    N/A
e - Magic Dart            Conj           #...         16%         1    N/A
f - Tukima's Dance        Hex            ##......     12%         3    N/A
g - Blink                 Tloc           N/A          26%         2    N/A

Your spell library contained the following spells:

 Spells                   Type           Power        Failure   Level  Hunger
 Dazzling Spray           Conj/Hex       #.....       24%         3    N/A
 Call Imp                 Summ           #.......     26%         2    N/A
 Conjure Flame            Conj/Fire      #.......     43%         3    N/A
 Mephitic Cloud           Conj/Pois/Air  #.......     45%         3    N/A

Dungeon Overview and Level Annotations

Branches:
Dungeon (5/15)
 Temple: D:4-7

Altars:
Dithmenos
Gozag
Okawaru
Trog
Xom


Innate Abilities, Weirdness & Mutations

You do not eat or drink.
Your flesh is vulnerable to fire.
You are immune to poison.
Your flesh is cold resistant. (rC+)
You are immune to negative energy. (rN+++)
You are immune to unholy pain and torment.
You can survive without breathing.


Message History

The centaur resists with some effort.
The centaur hits you with a +0 long sword!
* * * LOW HITPOINT WARNING * * *
The centaur closely misses you.
Okay, then.
Casting: Confuse (safe; 12% risk of failure)
Confirm with . or Enter, or press ? or * to list all spells.
You blink.
The centaur unwields a +0 long sword.
The centaur wields a +0 shortbow.
The centaur shoots an arrow.
The arrow misses you.
As you read the scroll of fog, it crumbles to dust.
The scroll dissolves into smoke.
A worm comes into view.
A worker ant zombie comes into view.
The centaur shoots an arrow.
The arrow hits you.
* * * LOW HITPOINT WARNING * * *
You see here an arrow.
The centaur shoots an arrow.
The arrow closely misses you.
The centaur shoots an arrow.
The arrow hits you!
You die...

######...#.####...##
.................... .
.................# #.
........(.cw.....## #.
####..c#.##.##...# #.
#...#.c.....# #.
#Z..####§#### # #a
#...####§####§###c
#######@.....#§§§§§§..§.
####.......<.##.##########.
#......##(...##.# ##.
#.##.#.##.#####.#########..
#.#....##.## #.......!....
##.#..#.##..####...#..######
#..................#..###
#.##......._..##.#÷#....#
#.##..#....8..##.#.#.##.#


You could see a centaur and a worker ant zombie.

Vanquished Creatures
  A sky beast (D:3)
  An ogre (D:4)
  A centaur (D:2)
  A howler monkey (D:3)
  An orc priest (D:4)
  An iguana (D:5)
  2 adders (D:3)
  5 worms
  A dart slug (D:5)
  2 leopard geckos
  5 orcs
  4 bats
  4 giant cockroaches
  4 goblins
  7 hobgoblins
  12 jackals
  A ball python (D:3)
  8 kobolds
  A quokka skeleton (D:4)
  3 rats
65 creatures vanquished.

Notes
Turn   | Place    | Note
-------+----------+-------------------------------------------
     0 | D:1      | myga the Mummy Enchanter began the quest for the Orb.
     0 | D:1      | Reached XP level 1. HP: 13/13 MP: 4/4
   210 | D:1      | Reached skill level 3 in Spellcasting
   352 | D:1      | Reached XP level 2. HP: 19/19 MP: 3/6
   370 | D:1      | Reached skill level 1 in Short Blades
   588 | D:1      | Learned a level 2 spell: Ensorcelled Hibernation
  1164 | D:2      | Found an iron altar of Okawaru.
  1644 | D:2      | Reached XP level 3. HP: 14/24 MP: 5/7
  1814 | D:2      | Learned a level 2 spell: Slow
  1818 | D:2      | Learned a level 3 spell: Confuse
  1910 | D:2      | Noticed a centaur
  1920 | D:2      | Found a bloodstained altar of Trog.
  1933 | D:2      | Killed a centaur
  1933 | D:2      | Reached skill level 1 in Fighting
  1933 | D:2      | Reached XP level 4. HP: 3/32 MP: 1/9
  1936 | D:2      | Learned a level 1 spell: Magic Dart
  2855 | D:3      | Reached XP level 5. HP: 37/37 MP: 5/10
  3116 | D:3      | Noticed a sky beast
  3127 | D:3      | Killed a sky beast
  3127 | D:3      | Reached skill level 4 in Spellcasting
  3127 | D:3      | Reached XP level 6. HP: 34/44 MP: 1/12
  3278 | D:3      | Learned a level 3 spell: Tukima's Dance
  4510 | D:4      | Found a shadowy altar of Dithmenos.
  4710 | D:4      | Learned a level 2 spell: Blink
  4712 | D:5      | Entered Level 5 of the Dungeon
  4719 | D:5      | Found an opulent altar of Gozag.
  4720 | D:5      | Found a shimmering altar of Xom.
  4742 | D:5      | Reached skill level 5 in Spellcasting
  5080 | D:5      | Shot with an arrow by a centaur

Skill      XL: |  1  2  3  4  5  6 |
---------------+-------------------+-----
Spellcasting   | 3 4 5 |  5.0
Short Blades   | 1 2 |  2.4
Dodging        | 2 |  2.5
Fighting       | 1 2 |  2.2
Hexes          | 3 |  3.5
Stealth        | 3 |  3.2
Throwing       | |  0.3
Conjurations   | |  0.3

Action                   |  1- 3 |  4- 6 || total
-------------------------+-------+-------++-------
Melee: Dagger            |   127 |   226 ||   353
Throw: Stone             |     6 |    17 ||    23
 Cast: Corona            |    11 |     4 ||    15
       Confuse           |     2 |     9 ||    11
       Slow              |     1 |    12 ||    13
       Magic Dart        |       |    33 ||    33
       Ensorcelled Hiber |       |     1 ||     1
       Blink             |       |     1 ||     1
       Tukima's Dance    |       |     1 ||     1
  Use: Scroll            |       |     5 ||     5
 Stab: Sleeping          |     5 |     1 ||     6
       Confused          |     1 |     4 ||     5
Armor: Robe              |    30 |    35 ||    65
Dodge: Dodged            |    73 |    78 ||   151
